Unix NetHack Version 5.0.0-0 post-release - last build Jul 19 2026 19:10:59 (3aa4ab31751d3886436d94b585a96704892fd477,branch:main).

Game began 2026-07-30 18:25:05, ended 2026-07-30 19:21:35.

Eymerich, chaotic male elven Priest

  ----------        ------
  |)..[()).|        |....|
  |%][())()|        |....|
  |....!..!|       #.....|
  -------|--       #------
         #         #
         #        ##   ##
         #        #  ####
         ##       @ ##  #
       ---|----   d #---.---- -----
       |......|######|............|
       |.......#  #  |.<..........|
       |......----#  |............|
       ----......|#  --------------
          |......|#
          |.......#
          --------

Eymerich the Acolyte         St:13 Dx:12 Co:13 In:10 Wi:20 Ch:8  Chaotic
Dlvl:5  $:11 HP:0(32) Pw:94(94) AC:5  Xp:5 T:2705 

Latest messages:
 What do you want to drop? [$abd-fi-loprt-wyAFIJLNOQR or ?*]
 You drop a potion of fruit juice.
 Abitibi offers 25 gold pieces for your potion of fruit juice.  Sell it? [ynaq] (n)
 You sold a potion of fruit juice for 25 gold pieces.
 Puffa picks up a crude arrow.
 Pinky picks up a lamp.
 You bought a spellbook of confuse monster for 178 gold pieces.
 "Thank you for shopping in Abitibi's general store!"
 What do you want to drop? [$abd-fi-loprt-wyFIJLNOQR or ?*]
 You cannot drop something you are wearing.
 You stop.  Puffa is in the way!
 You see here a leash (for sale, 27 zorkmids).
 You stop.  Pinky is in the way!
 You see here a crude arrow (for sale, 3 zorkmids).
 Pinky drops a lamp.
 You see here a banded mail (for sale, 120 zorkmids).
 You see here a splint mail (for sale, 107 zorkmids).
 You see here a banded mail (for sale, 120 zorkmids).
 You have a little trouble lifting a banded mail.  Continue? [ynq] (q)
 Pinky picks up a crude arrow.
 What do you want to drop? [$abd-fi-loprt-wyFIJLNOQR or ?*]
 Never mind.
 You drop a blessed candle (unpaid, 18 zorkmids).
 What do you want to read? [opNQ or ?*]
 You feel a wrenching sensation.
 You materialize in a different location!
 The spellbook crumbles to dust!
 You can move again.
 You hear someone cursing shoplifters.
 You miss the dog.
 The dog bites!
 You miss the dog.
 The dog bites!
 You miss the dog.
 The dog just misses!
 You hit the dog!
 The dog bites!
 You hit the dog.
 The dog bites!
 The dog bites!
 You miss the dog.
 The dog bites!
 The dog misses!
 You hit the dog.
 The dog bites!
 You die...
 Do you want your possessions identified? [ynq] (y)
 Do you want to see your attributes? [ynq] (y)
 Do you want an account of creatures vanquished? [ynaq] (y)
 Do you want to see your conduct and achievements? [ynq] (y)

Inventory:
 Coins    ('$')
  $ - 11 gold pieces
 Weapons  (')')
  O - 6 blessed +3 arrows
  u - 10 +0 orcish arrows
  I - 2 +0 daggers
  t - 2 +0 orcish daggers
  y - a +0 flail
  a - a blessed +1 mace (weapon in right hand)
 Armor    ('[')
  L - a +1 pair of iron shoes (being worn)
  b - a +0 robe (being worn)
 Comestibles  ('%')
  e - a clove of garlic
  J - 2 food rations
  f - a sprig of wolfsbane
 Scrolls  ('?')
  p - a scroll of blank paper
  N - a scroll of create monster
  o - 2 blessed scrolls of identify
 Potions  ('!')
  v - a potion of healing
  r - a potion of oil
  d - 3 potions of holy water
  l - a potion of water
  F - a potion of water
 Tools    ('(')
  j - a tooled horn
  i - a magic marker (0:19)
  w - a towel
 Gems/Stones  ('*')
  k - 2 worthless pieces of white glass named soft

Eymerich the Priest's attributes:

Background:
 You were an Acolyte, a level 5 elven Priest.
 You were chaotic, on a mission for Loki
 who was opposed by Tyr (lawful) and Odin (neutral).
 You were right-handed.
 You were in the Dungeons of Doom, on level 5.
 You entered the dungeon 2705 turns ago.
 There was a full moon in effect when your adventure ended.
 You had 208 experience points, 112 more were needed to attain level 6.

Basics:
 You had 0 out of 32 hit points.
 You had all 94 energy points (spell power).
 Your armor class was 5.
 Your wallet contained 11 zorkmids.
 Autopickup was off.

Final Characteristics:
 Your strength was 13 (limit:18).
 Your dexterity was 12 (limit:18).
 Your constitution was 13 (limit:16).
 Your intelligence was 10 (limit:20).
 Your wisdom was 20 (limit:20).
 Your charisma was 8 (limit:18).

Final Status:
 You weren't hungry.
 You were unencumbered.
 You were wielding a mace.
 You had basic skill with mace.

Final Attributes:
 You were piously aligned.
 You were sleep resistant.
 You had infravision.
 You were guarded.
 Your spell casting was enhanced by wearing a robe.
 You were lucky.
 You are dead.

Miscellaneous:
 You encountered 1 bones level.
 Total elapsed playing time was 56 minutes and 28 seconds.

Major events:
 Turn
    1: Eymerich the chaotic elven Priest entered the dungeon
  955: attained the rank of Acolyte (level 3)
 1806: entered the Gnomish Mines
 2705: killed by a dog

Spells:
 Name                 Level Category     Fail Retention
 healing                1   healing        0%  76%-100%
 detect monsters        1   divination     0%  76%-100%

Skills:
 Fighting Skills
   bare handed combat [Unskilled]
 Weapon Skills
   club               [Unskilled]
   mace               [Basic]
   morning star       [Unskilled]
   flail              [Unskilled]
   hammer             [Unskilled]
   quarterstaff       [Unskilled]
   polearms           [Unskilled]
   spear              [Unskilled]
   trident            [Unskilled]
   lance              [Unskilled]
   bow                [Unskilled]
   sling              [Unskilled]
   crossbow           [Unskilled]
   dart               [Unskilled]
   shuriken           [Unskilled]
   boomerang          [Unskilled]
   unicorn horn       [Unskilled]
 Spellcasting Skills
   healing spells     [Unskilled]
   divination spells  [Unskilled]
   clerical spells    [Basic]

Voluntary challenges:
 Character rerolling was not enabled.
 You never genocided any monsters.
 You never polymorphed an object.
 You never changed form.
 You used no wishes.
Achievements:
 You entered a shop.
 You attained the rank of Acolyte.
 You entered the Gnomish Mines.

 The Dungeons of Doom: levels 1 to 5
    Level 1:
       A fountain.
    Level 2:
       A potion shop, a fountain.
    Level 3: "2 x locked chest, locked box"
       A sink.
       Stairs down to The Gnomish Mines.
    Level 4: "closed shop, locked box"
    Level 5: <- You were here.
       A general store, a grave.
       Final resting place for
          you, killed by a dog,
          Trystero-Wiz-Elf-Fem-Cha, killed by a giant mimic.
 The Gnomish Mines:
    Level 4:


Vanquished creatures:
  a ghost
  a small mimic
  2 rock piercers
  a kitten
  a dwarf
  a werejackal
  a coyote
  a gas spore
  a hobbit
  a large kobold
  2 cave spiders
  a brown mold
  a red mold
  a gnome
  4 geckos
  3 jackals
  2 foxes
  2 kobolds
  3 goblins
  6 grid bugs
  4 lichens
  4 kobold zombies
  5 newts
49 creatures vanquished.

No species were genocided or became extinct.

Game over:
                       ----------
                      /          \
                     /    REST    \
                    /      IN      \
                   /     PEACE      \
                  /                  \
                  |     Eymerich     |
                  |      11 Au       |
                  | killed by a dog  |
                  |                  |
                  |                  |
                  |                  |
                  |       2026       |
                 *|     *  *  *      | *
        _________)/\\_//(\/(/\)/\//\/|_)_______

Goodbye Eymerich the Priest...

You died in The Dungeons of Doom on dungeon level 5 with 1052 points,
and 11 pieces of gold, after 2705 moves.
You were level 5 with a maximum of 32 hit points when you died.

